cohdb
Replays
Latest Replays
All Replays
Popular Replays
Top Player Replays
Match Explorer
How It Works
Community
CoH3 Stats
Reddit
Sign in to upload your games and track your stats! →
Sign in with Steam
Match 45911283
Unlisted
Match 45911283
Overview
Messages
Build Orders
End
Scout Squad
Selects Airborne Battlegroup
Selects Heavy Machine Gun Paradrop
Heavy Machine Gun Paradrop
Scout Squad
Heavy Machine Gun Paradrop
Construct Barracks
1⁄4-ton 4x4 Truck
Infantry Support Center
Construct Motor Pool
M8 Greyhound Armored Car
Selects Paratrooper Squad Paradrop
Engineer Squad
Selects Recon Loiter
Recon Loiter
Construct Medical Station
Paratrooper Squad Paradrop
M1 Mortar Team
Recon Loiter
Selects Anti-tank Gun Team Paradrop
Anti-tank Gun Team Paradrop
oziligath
Ashur
0
0
Comments
sign in to comment!
No comments posted yet!